 Dungeon Crawl Stone Soup version 0.31.0-11-ge490571c62 (webtiles) character file.

Game seed: 12395747873098920069

59 qw the Shooter (level 3, -2/18 HPs)
             Began as a Spriggan Hunter on Feb 3, 2024.
             Slain by Grinder (9 damage)
             ... on level 3 of the Dungeon.
             The game lasted 00:00:05 (1684 turns).

qw the Shooter (Spriggan Hunter)                    Turns: 1684, Time: 00:00:05

Health: -2/18      AC:  2    Str:  7    XL:     3   Next: 78%
Magic:  4/4        EV: 19    Int: 10    God:
Gold:   126        SH:  0    Dex: 20    Spells: 2/2 levels left

rFire   . . .        a - +0 shortbow
rCold   . . .        (shield currently unavailable)
rNeg    + . .        c - +0 robe
rPois   .            (helmet restricted)
rElec   .            (no cloak)
rCorr   +            (gloves unavailable)
SInv    +            (boots unavailable)
Will    .....        (no amulet)
Stlth   ++           f - ring of positive energy
HPRegen 0.23/turn    b - ring of resist corrosion
MPRegen 0.09/turn

%: no passive effects
@: hasted, very quick
A: very small, no large weapons, unfitting armour, see invisible, speed 3
a: no special abilities


You were on level 3 of the Dungeon.
You visited 1 branch of the dungeon, and saw 3 of its levels.

You collected 126 gold pieces.


Innate Abilities, Weirdness & Mutations

You are very small and have problems with some larger weapons.
You are too small for most types of armour.
You have supernaturally acute eyesight. (SInv)
You cover ground extremely quickly. (Speed+++)


   Skills:
 - Level 1.5 Fighting
 - Level 5.0 Ranged Weapons
 + Level 4.0 Dodging
 - Level 1.5 Stealth


You had 2 spell levels left.
You didn't know any spells.
Your spell library was empty.

Inventory:

Hand Weapons
 a - a +0 shortbow (weapon)
Armour
 c - a +0 robe (worn)
Jewellery
 b - a ring of resist corrosion (right hand)
 f - a ring of positive energy (left hand)
Wands
 e - a wand of paralysis (6)
Scrolls
 d - 2 scrolls of identify
 h - a scroll of immolation {unknown}
Potions
 g - a potion of invisibility {unknown}
 i - a potion of attraction {unknown}

Dungeon Overview and Level Annotations

Branches:
Dungeon (3/15)

Altars:
Trog

Annotations:
D:3 Grinder


Message History

Grinder gestures at you.
You suddenly lose the ability to move!
Grinder blinks! x2
Grinder says, "You look like you could use a good racking."
The giant cockroach bites you but does no damage.
The giant cockroach bites you but does no damage.
The giant cockroach barely misses you.
You can move again.
You shoot an arrow.
The arrow hits the giant cockroach but does no damage.
The giant cockroach misses you.
Grinder blinks!
The giant cockroach misses you.
You shoot an arrow. The arrow closely misses Grinder.
Grinder says, "DUCK!"
Grinder hits you but does no damage.
You shoot an arrow. The arrow closely misses Grinder.
The giant cockroach completely misses you.
Grinder misses you.
You shoot an arrow. The arrow closely misses Grinder.
The giant cockroach barely misses you.
Grinder blinks!
You shoot an arrow. The arrow hits the giant cockroach.
You kill the giant cockroach!
Your Ranged Weapons skill increases to level 5!
You shoot an arrow. The arrow hits Grinder!
Grinder is heavily wounded.
You shoot an arrow. The arrow hits Grinder.
Grinder is severely wounded.
Grinder gestures at you. You resist with significant effort.
You shoot an arrow. The arrow closely misses Grinder.
Grinder gestures at you.
You struggle to resist.
You shoot an arrow. The arrow barely misses Grinder.
Grinder hits you but does no damage.
You shoot an arrow. The arrow closely misses Grinder.
You shoot an arrow. The arrow hits Grinder!
Grinder is almost dead.
Grinder hits you!
Ouch! That really hurt!
You die...
Grinder says, "Hey, I wasn't done torturing you yet!"

#......... #).......
#..(....# #.......#
#.......# #.......#
#.......# #@#
##5#########
##..........#
#...........#
#.....[.....#######
####.#.##............#
#....#.#.............#
#.##.#.#.............#
#<##.#.#.............#


You could see Grinder.

Vanquished Creatures
  An adder (D:2)
  3 ball pythons
  5 endoplasms
  4 giant cockroaches
  5 goblins
  8 hobgoblins
  4 kobolds
  2 quokkas (D:1)
  5 bats
  3 frilled lizards (D:1)
  5 rats
45 creatures vanquished.

Notes
Turn   | Place    | Note
-------+----------+-------------------------------------------
     0 | D:1      | qw the Spriggan Hunter began the quest for the Orb.
     0 | D:1      | Reached XP level 1. HP: 10/10 MP: 2/2
     0 | D:1      | 0 ||| qw: Version: 0.3-a-157-g843a77d
     0 | D:1      | 0 ||| qw: Game counter: 3746
     0 | D:1      | 0 ||| qw: Melee chars always use a shield: true
     0 | D:1      | 0 ||| qw: God list: Okawaru
     0 | D:1      | 0 ||| qw: Allow faded altars: false
     0 | D:1      | 0 ||| qw: Do Orc after clearing Dungeon:15 true
     0 | D:1      | 0 ||| qw: Do second Lair branch before Depths: true
     0 | D:1      | 0 ||| qw: Lair rune preference: random
     0 | D:1      | 0 ||| qw: Goals: Normal
     0 | D:1      | 0 ||| PLANNING D:1-11
   170 | D:1      | Reached skill level 3 in Dodging
   314 | D:1      | Reached XP level 2. HP: 10/14 MP: 3/3
   608 | D:1      | Reached XP level 3. HP: 18/18 MP: 4/4
   857 | D:1      | 857 ||| UPGRADING to ring of positive energy.
   858 | D:1      | 858 ||| READING 2 scrolls labelled TEZARUXTASCH.
   859 | D:1      | 859 ||| DROPPING scroll of butterflies.
   860 | D:1      | 860 ||| DROPPING scroll of fog.
   896 | D:2      | Found a bloodstained altar of Trog.
  1436 | D:2      | 1436 ||| UPGRADING to ring of resist corrosion.
  1437 | D:2      | 1437 ||| READING scroll labelled WEEMEO PORI.
  1438 | D:2      | 1438 ||| READING scroll labelled ITHRYA LUSORUE.
  1438 | D:2      | 1438 ||| IDENTIFYING fizzy grey potion
  1439 | D:2      | 1439 ||| READING scroll labelled NILEN YDYS.
  1540 | D:2      | 1540 ||| DRINKING 2 bubbling brown potions.
  1541 | D:2      | 1541 ||| DROPPING potion of degeneration.
  1660 | D:3      | Noticed Grinder
  1661 | D:3      | 1661 ||| DRINKING potion of haste.
  1664 | D:3      | HP: 4/18 [Grinder (1)]
  1668 | D:3      | Paralysed by Grinder for 5 turns
  1679 | D:3      | Reached skill level 5 in Ranged Weapons
  1684 | D:3      | Slain by Grinder

Levels and vault maps discovered:
D:1:      ncdulo_smallfort, layout_loops_corners
D:2:      layout_loops_ring, basic_altar
D:3:      minmay_spotlight, layout_basic, hellmonk_ghost_happy_afterlife,
          st_stairs_7, uniq_grinder

Skill      XL: |  1  2  3 |
---------------+----------+-----
Dodging        | 3 4 |  4.0
Ranged Weapons | 5 |  5.0
Fighting       | |  1.5
Stealth        | |  1.5

Action                     || total
---------------------------++-------
   Fire: Shortbow          ||   126
    Use: Scroll            ||     4
         Potion            ||     2
 Armour: Robe              ||    13
  Dodge: Dodged            ||    32

Table legend:
 A = Non-vault XP
 B = Vault XP
 C = Vault XP percentage of total XP
 D = Non-vault monster count
 E = Vault monster count
 F = Vault count percentage of total count
                 A         B        C        D         E       F
            +---------+---------+-------+---------+---------+-------
      Total |      85 |       0 |   0.0 |      45 |       0 |   0.0
            +---------+---------+-------+---------+---------+-------
        D:1 |      45 |       0 |   0.0 |      26 |       0 |   0.0
        D:2 |      34 |       0 |   0.0 |      14 |       0 |   0.0
        D:3 |       6 |       0 |   0.0 |       5 |       0 |   0.0
            +---------+---------+-------+---------+---------+-------
